Map: Daybreak LE (Void)

Players

Maru - Winner!

  • Race: Terran Terran
  • League: Diamond
  • Spawn Location: 7:00

ShoWTimE

  • Race: Protoss Protoss
  • Spawn Location: 1:00

Event: WESG 2016 Finals

VOD

Have the link to the VOD?

Description

Time

  • Played on: Jan. 15, 2017, 2:44 p.m.
  • Length: 14:45

All games in this series

Show
View Real Time Build Order
Export as new Build Order

Maru Terran - Winner!

Build Orders: Liberator Opening, MMM Bio 

Get SALT Encoding   

  12  0:00  SCV  
  13  0:12  SCV  
  14  0:19  Supply Depot  
  14  0:24  SCV  
  15  0:41  Barracks, SCV  
  16  0:47  Refinery  
  16  0:53  SCV  
  16  0:56  Barracks  
  17  1:05  SCV  
  18  1:13  Engineering Bay  
  18  1:17  SCV  
  19  1:31  SCV  
  19  1:32  Engineering Bay  
  20  1:44  Orbital Command, Reaper  
  21  2:00  Command Center  
  21  2:09  SCV  
  21  2:14  Factory  
  22  2:22  Supply Depot  
  22  2:23  Barracks Reactor  
  22  2:25  SCV  
  23  2:32  Refinery  
  22  2:37  SCV  
  23  2:49  SCV  
  24  2:59  Widow Mine  
  24  3:00  Marine x2  
  24  3:01  SCV  
  29  3:06  Starport  
  29  3:11  Orbital Command  
  29  3:13  SCV  
  29  3:18  Marine  
  29  3:19  Marine  
  32  3:25  SCV  
  33  3:31  Widow Mine  
  35  3:36  Marine  
  35  3:37  Marine  
  35  3:38  SCV  
  35  3:39  SCV  
  39  3:43  Medivac  
  39  3:47  Supply Depot  
  41  3:50  SCV  
  41  3:51  SCV  
  43  3:55  Marine  
  43  3:56  Marine, Liberator  
  43  4:01  Barracks  
  43  4:02  SCV  
  46  4:05  Factory Tech Lab  
  46  4:09  SCV  
  47  4:14  SCV  
  51  4:21  SCV  
  51  4:22  Supply Depot  
  51  4:23  Refinery  
  52  4:27  SCV  
  52  4:29  Marine x2  
  54  4:31  Supply Depot  
  54  4:43  SCV x2  
  56  4:51  Barracks Tech Lab  
  56  4:52  Siege Tank  
  57  4:55  SCV x2  
  57  4:57  Barracks  
  57  4:59  Marine x2  
  59  5:06  Starport Reactor  
  57  5:07  SCV  
  57  5:08  Engineering Bay  
  57  5:09  Refinery, SCV  
  57  5:12  Marine, Stimpack  
  60  5:17  Marine  
  60  5:19  SCV  
  60  5:21  SCV  
  63  5:23  Supply Depot  
  63  5:31  SCV  
  63  5:32  Marauder, Marine  
  63  5:33  SCV  
  63  5:35  Factory Reactor, Marine  
  69  5:42  Terran Infantry Weapons Level 1  
  69  5:44  SCV  
  69  5:45  Supply Depot, SCV  
  69  5:47  Supply Depot  
  71  5:50  Marauder  
  71  5:54  Marauder  
  71  5:55  Medivac  
  77  6:00  Supply Depot  
  77  6:06  Marine  
  77  6:07  Medivac, Marine  
  77  6:09  Combat Shields  
  77  6:11  Widow Mine x2  
  81  6:13  SCV x2  
  81  6:17  Marauder x2  
  91  6:21  Missile Turret  
  91  6:25  Marine x2  
  90  6:33  SCV x2  
  90  6:35  Supply Depot  
  90  6:36  Supply Depot  
  90  6:37  Medivac x2  
  96  6:44  Widow Mine x2  
  96  6:45  Marauder  
  102  6:52  Missile Turret  
  102  6:56  Marine x2  
  102  6:57  Marauder  
  107  7:01  SCV x2  
  107  7:02  Supply Depot  
  107  7:07  Marauder  
  110  7:13  Concussive Shells  
  110  7:14  Marine x2  
  112  7:18  Marauder  
  112  7:21  Medivac x2  
  118  7:23  Widow Mine x2  
  118  7:25  Supply Depot  
  118  7:28  Supply Depot  
  122  7:33  Marauder, Marine x2  
  122  7:36  Terran Infantry Armor Level 1  
  126  7:46  Marauder  
  126  7:51  Marine x2, SCV  
  121  7:52  SCV  
  121  7:54  Marauder  
  124  8:00  Command Center  
  122  8:08  Marauder  
  122  8:11  Liberator  
  122  8:12  Liberator  
  122  8:13  Barracks x2  
  116  8:23  SCV x2  
  116  8:25  Marine  
  116  8:26  Marauder  
  121  8:28  Marine  
  121  8:29  Marauder  
  124  8:35  SCV  
  124  8:38  Widow Mine x2  
  124  8:40  SCV  
  128  8:53  Marauder, Marine  
  128  8:54  Marauder  
  133  8:56  Marine  
  134  9:03  Supply Depot  
  132  9:14  Marine, Barracks Tech Lab  
  132  9:15  Marauder x2  
  132  9:16  Barracks Reactor  
  135  9:17  Liberator  
  135  9:19  Liberator  
  135  9:24  Engineering Bay, Armory  
  133  9:26  Orbital Command  
  133  9:36  Marauder  
  141  9:41  Marine x3  
  141  9:42  Marauder  
  141  9:44  Widow Mine  
  148  9:45  Widow Mine  
  148  9:52  SCV  
  149  9:55  Marine  
  149  9:57  Marauder  
  150  10:03  Liberator x2  
  140  10:08  Marine  
  140  10:09  Marauder  
  140  10:11  Marine  
  140  10:12  Marauder  
  128  10:16  Marine  
  128  10:19  Marauder  
  128  10:20  Widow Mine x2  
  139  10:21  Marine  
  139  10:26  Marine  
  141  10:31  Marauder, Terran Infantry Armor Level 2, Terran Infantry Weapons Level 2  
  141  10:33  Marauder  
  141  10:39  Refinery x2  
  141  10:43  SCV  
  141  10:46  Supply Depot  
  141  10:47  Supply Depot, Marauder, Marine  
  145  10:50  Terran Ship Weapons Level 1  
  145  10:52  Marauder  
  145  10:56  Liberator x2  
  147  10:59  Starport  
  147  11:01  SCV x3  
  147  11:02  Marine  
  147  11:03  Supply Depot  
  147  11:04  Barracks  
  151  11:05  Barracks  
  151  11:14  Starport  
  151  11:15  Marine x2  
  151  11:16  Marauder  
  161  11:24  Marauder, Marine x2  
  161  11:25  Marauder  
  165  11:41  Marauder, Marine x2  
  165  11:42  Marine  
  165  11:44  Marine  
  165  11:46  Marauder x2  
  158  11:56  Medivac  
  158  12:01  Barracks Tech Lab  
  155  12:03  Medivac x2, Marauder  
  155  12:07  Marauder x2, Barracks Tech Lab  
  161  12:16  Marine, Command Center  
  158  12:24  Marauder  
  158  12:25  Viking  
  158  12:26  Viking  
  158  12:29  Marauder  
  166  12:31  Marine  
  166  12:32  Marauder, Marine  
  169  12:38  Marauder  
  169  12:39  Marauder  
  173  12:44  Marine  
  173  12:45  Marauder  
  173  12:49  Marine  
  173  12:50  Marauder  
  161  13:05  Viking  
  161  13:06  Viking x2  
  161  13:08  Marauder, Marine  
  161  13:11  Marine  
  150  13:22  Marine x2  
  150  13:23  Marauder x2  
  150  13:26  Marine  
  145  13:27  Marauder  
  145  13:32  Planetary Fortress  
  145  13:33  Marine  
  146  13:37  Marauder  
  139  13:41  Marine  
  139  13:42  Marine  
  139  13:45  Marine  
  139  13:47  Marine x2  
  133  13:53  Marine  
  133  13:54  Marauder, Marine  
  125  13:58  Marine  
  125  13:59  Marine  
  125  14:00  Marine  
  119  14:03  Marine  
  119  14:05  Marine  
  119  14:06  Marauder  
  116  14:11  Marine  
  116  14:12  Marine, Viking  
  116  14:15  Marauder  
  116  14:16  Marine  
  121  14:17  Marine  
  121  14:21  Marine x2  
  121  14:24  Marauder  
Show
View Real Time Build Order
Export as new Build Order

ShoWTimE Protoss 

Build Orders: Colossus Rush 

Get SALT Encoding   

  12  0:00  Probe (Chrono Boost)  
  13  0:11  Probe (Chrono Boost)  
  14  0:18  Pylon  
  14  0:22  Probe (Chrono Boost)  
  15  0:36  Probe (Chrono Boost), Gateway  
  15  0:42  Assimilator  
  16  0:47  Probe (Chrono Boost)  
  17  0:57  Probe (Chrono Boost)  
  18  1:08  Probe (Chrono Boost)  
  19  1:19  Probe (Chrono Boost)  
  20  1:30  Probe (Chrono Boost), Cybernetics Core  
  21  1:35  Zealot  
  21  1:38  Pylon  
  23  1:44  Assimilator  
  23  1:56  Probe (Chrono Boost)  
  24  2:03  Nexus  
  24  2:15  Mothership Core (Chrono Boost)  
  26  2:25  Warp Gate  
  26  2:30  Adept  
  26  2:33  Probe (Chrono Boost)  
  29  2:44  Probe (Chrono Boost)  
  29  2:51  Pylon  
  29  2:53  Robotics Facility  
  29  2:54  Probe (Chrono Boost)  
  30  3:05  Probe (Chrono Boost)  
  31  3:16  Probe x2 (Chrono Boost)  
  33  3:21  Gateway  
  33  3:25  Gateway  
  33  3:29  Probe (Chrono Boost)  
  33  3:31  Probe (Chrono Boost)  
  35  3:40  Observer  
  36  3:41  Probe x2 (Chrono Boost)  
  38  3:52  Probe (Chrono Boost)  
  38  3:53  Probe (Chrono Boost)  
  38  3:54  Pylon  
  40  3:55  Assimilator  
  40  3:57  Assimilator  
  40  4:00  Observer  
  41  4:02  Probe (Chrono Boost)  
  41  4:05  Probe (Chrono Boost)  
  43  4:13  Probe (Chrono Boost)  
  45  4:17  Probe (Chrono Boost), Robotics Bay  
  45  4:23  Probe (Chrono Boost)  
  46  4:24  Observer  
  46  4:29  Probe (Chrono Boost)  
  48  4:32  Pylon  
  48  4:34  Probe (Chrono Boost)  
  49  4:40  Stalker x2  
  49  4:41  Probe (Chrono Boost)  
  49  4:45  Probe (Chrono Boost)  
  55  4:48  Stalker  
  55  4:50  Observer  
  56  4:55  Probe (Chrono Boost)  
  56  4:56  Probe (Chrono Boost)  
  58  5:05  Pylon  
  58  5:08  Stalker x2, Mothership Core (Chrono Boost)  
  58  5:13  Stalker  
  66  5:18  Colossus  
  66  5:19  Pylon  
  67  5:21  Probe (Chrono Boost)  
  73  5:31  Probe (Chrono Boost), Extended Thermal Lance  
  73  5:34  Probe (Chrono Boost)  
  75  5:51  Probe (Chrono Boost)  
  75  5:52  Probe (Chrono Boost)  
  75  5:54  Gateway x2  
  77  5:58  Gateway  
  77  6:06  Colossus  
  77  6:10  Pylon  
  77  6:11  Probe x2 (Chrono Boost), Pylon  
  85  6:30  Sentry  
  85  6:31  Nexus  
  85  6:36  Pylon  
  85  6:38  Probe x2 (Chrono Boost), Sentry, Adept  
  91  6:50  Probe (Chrono Boost)  
  91  6:51  Probe (Chrono Boost)  
  93  6:54  Colossus, Twilight Council  
  93  7:00  Forge  
  99  7:02  Adept x2  
  105  7:09  Probe (Chrono Boost), Pylon  
  105  7:10  Probe (Chrono Boost)  
  105  7:18  Adept  
  105  7:19  Adept  
  105  7:21  Blink  
  110  7:24  Probe (Chrono Boost)  
  110  7:30  Sentry  
  110  7:31  Adept x3  
  110  7:33  Protoss Ground Weapons Level 1  
  118  7:38  Pylon  
  119  7:44  Probe (Chrono Boost)  
  119  7:46  Adept x2  
  120  7:51  Adept  
  120  7:52  Probe (Chrono Boost)  
  120  7:55  Adept x2  
  110  8:02  Probe (Chrono Boost)  
  106  8:07  Adept x3  
  106  8:12  Adept  
  108  8:18  Observer  
  108  8:19  Adept x2  
  111  8:27  Pylon  
  111  8:29  Adept  
  111  8:30  Adept, Mothership Core (Chrono Boost)  
  111  8:32  Photon Cannon  
  116  8:35  Pylon  
  116  8:38  Probe (Chrono Boost)  
  116  8:39  Probe (Chrono Boost)  
  118  8:45  Stalker x3  
  124  8:49  Probe (Chrono Boost)  
  124  8:50  Probe (Chrono Boost)  
  124  8:51  Probe (Chrono Boost), Pylon  
  127  8:57  Photon Cannon  
  127  8:59  Adept  
  128  9:06  Adept x2  
  132  9:10  Adept  
  132  9:11  Resonating Glaives  
  132  9:12  Protoss Ground Armor Level 1  
  132  9:18  Stalker  
  132  9:22  Photon Cannon  
  132  9:30  Disruptor  
  134  9:39  Pylon  
  134  9:44  Photon Cannon  
  132  9:49  Stalker  
  132  9:50  Stalker, Adept  
  138  9:58  Sentry, Zealot  
  138  9:59  Zealot  
  139  10:13  Disruptor  
  136  10:27  Adept  
  136  10:28  Adept x5  
  144  10:29  Photon Cannon  
  148  10:46  Probe x2 (Chrono Boost), Assimilator  
  148  10:47  Probe (Chrono Boost)  
  151  10:50  Stalker, Assimilator  
  151  10:54  Pylon  
  151  10:55  Disruptor  
  156  11:00  Probe (Chrono Boost)  
  156  11:01  Nexus  
  156  11:02  Protoss Ground Weapons Level 2  
  156  11:03  Pylon  
  156  11:04  Pylon  
  157  11:12  Probe (Chrono Boost)  
  157  11:14  Probe (Chrono Boost)  
  157  11:15  Adept x2  
  157  11:16  Adept  
  165  11:22  Pylon  
  165  11:27  Photon Cannon  
  165  11:29  Pylon  
  165  11:45  Stalker x3  
  165  11:46  Stalker, Adept  
  167  11:57  Disruptor  
  164  12:06  Gateway  
  164  12:08  Stalker, Gateway  
  164  12:09  Stalker, Gateway  
  166  12:24  Stalker x2  
  166  12:27  Probe (Chrono Boost)  
  171  12:30  Forge  
  171  12:32  Adept x2  
  175  12:37  Probe (Chrono Boost)  
  175  12:44  Pylon  
  176  12:45  Disruptor  
  176  12:48  Probe (Chrono Boost)  
  176  12:51  Stalker x2  
  183  12:58  Probe (Chrono Boost)  
  175  13:07  Stalker  
  175  13:08  Stalker  
  175  13:09  Probe (Chrono Boost)  
  178  13:17  Stalker x2  
  178  13:19  Probe (Chrono Boost)  
  147  13:22  Disruptor  
  139  13:29  Pylon  
  139  13:31  Probe (Chrono Boost), Assimilator  
  140  13:35  Adept x3  
  140  13:36  Assimilator  
  136  13:41  Probe (Chrono Boost)  
  136  13:47  Stalker x4  
  116  13:57  Adept x3  
  94  14:12  Adept x2  
  94  14:13  Adept x2  
  88  14:20  Adept x5  
  88  14:21  Adept  
  94  14:30  Pylon, Stalker x2  
  98  14:35  Stalker  
Tags
 
Add a new tag
Caveats
  • Supply blocks, unpowered buildings, or Contaminate may cause inaccurate times.
  • Supply counts are checked every 10 seconds.